 Dungeon Crawl Stone Soup version 0.29-a0-369-gd956c00756 (webtiles) character file.

Game seed: 1213316535965564845

784 holysushi the Slicer (level 8, -15/51 HPs)
             Began as a Kobold Monk on May 1, 2022.
             Demolished by an ogre
             ... wielding a +0 giant club
              (30 damage)
             ... on level 5 of the Dungeon.
             The game lasted 00:06:40 (5290 turns).

holysushi the Slicer (Kobold Monk)                  Turns: 5290, Time: 00:06:41

Health: -15/51     AC:  8    Str:  9    XL:     8   Next: 11%
Magic:  8/8        EV: 17    Int: 11    God:
Gold:   73         SH:  0    Dex: 19    Spells: 7/7 levels left

rFire   . . .      SeeInvis .   l - +0 short sword (venom)
rCold   . . .      Faith    .   (no shield)
rNeg    . . .      Spirit   .   b - +0 robe
rPois   .          Reflect  .   g - +0 helmet
rElec   .          Harm     .   (no cloak)
rCorr   .          Rampage  .   (no gloves)
Will    .....                   f - +0 pair of boots
Stlth   ++++......              (no amulet)
HPRegen 0.17/turn               n - +4 ring of protection
MPRegen 0.11/turn               (no ring)

@: no status effects
A: small, no large weapons, nightstalker 3
a: no special abilities


You were on level 5 of the Dungeon.
You visited 1 branch of the dungeon, and saw 5 of its levels.

You collected 223 gold pieces.
You spent 150 gold pieces at shops.

Inventory:

Hand Weapons
 a - a +0 short sword
 c - a +0 dagger of holy wrath
 l - a +0 short sword of venom (weapon)
Missiles
 m - a throwing net (quivered)
Armour
 b - a +0 robe (worn)
 f - a +0 pair of boots (worn)
 g - a +0 helmet (worn)
Jewellery
 n - a +4 ring of protection (left hand)
 o - a +6 ring of dexterity
 q - a ring of magical power
 u - a ring of fire
Wands
 t - a wand of iceblast (11)
Scrolls
 d - a scroll of magic mapping {unknown}
 j - 3 scrolls of identify
 p - 2 scrolls of teleportation {unknown}
 r - a scroll of blinking {unknown}
 w - a scroll of enchant armour {unknown}
Potions
 e - 6 potions of curing
 h - a potion of flight {unknown}
 i - a potion of heal wounds {unknown}
 k - 2 potions of brilliance
 s - a potion of haste {unknown}
 v - a potion of berserk rage {unknown}


   Skills:
 + Level 5.7 Fighting
 + Level 8.6 Short Blades
 * Level 5.4 Dodging
 + Level 4.3 Stealth
 + Level 1.1 Evocations


You had 7 spell levels left.
You didn't know any spells.
Your spell library contained the following spells:

 Spells                   Type           Power      Damage    Failure   Level
 Confusing Touch          Hex            0%         N/A       71%         3
 Ignite Poison            Fire/Tmut/Pois 0%         N/A       71%         3
 Mephitic Cloud           Conj/Pois/Air  0%         N/A       71%         3
 Tukima's Dance           Hex            0%         N/A       71%         3
 Anguish                  Hex/Necr       0%         N/A       98%         4
 Fulminant Prism          Conj/Hex       0%         3d6       98%         4
 Iskenderun's Mystic Bla  Conj/Tloc      0%         2d3       98%         4
 Freezing Cloud           Conj/Ice/Air   0%         6-21      100%        5
 Lee's Rapid Deconstruct  Erth           0%         3d5*      100%        5
 Yara's Violent Unravell  Hex/Tmut       0%         3d3       100%        5
 Enfeeble                 Hex            0%         N/A       100%        7


Dungeon Overview and Level Annotations

Branches:
Dungeon (5/15)
 Temple: D:4-7

Altars:
Ashenzari
Okawaru
Uskayaw
Xom
Yredelemnul

Shops:
D:4 *


Innate Abilities, Weirdness & Mutations

You are small and have problems with some larger weapons.
You are completely attuned to the shadows.


Message History

You kill the worm!
No target in view!
You see here a worm corpse.
An iguana comes into view.
An iguana is nearby!
An iguana is nearby!
An iguana is nearby!
A hound comes into view.
Found 20 gold pieces.
The helpless iguana fails to defend itself.
You impale the iguana!!
You kill the iguana!
Your Evocations skill increases to level 1!
The helpless hound fails to defend itself.
You impale the hound!!
You kill the hound!
No target in view!
You now have enough gold to buy a wand of iceblast (3) on D:4.
You can access your shopping list by pressing '$'.
You now have 73 gold pieces (gained 20).
w - a scroll labelled ZYNUXZ TAIFANU An ogre comes into view.
It is wielding a +0 giant club.
An ogre is nearby!
The ogre shouts!
You hear an angry hiss.
You hear a shout!
An ogre comes into view. It is wielding a +0 giant club.
Found a potion of brilliance.
The ogre shouts!
The ogre hits you with a +0 giant club!
You barely miss the ogre.
An iguana comes into view.
The ogre closely misses you.
You barely miss the ogre. You hit the ogre.
The ogre is poisoned.
The ogre is lightly wounded.
The ogre hits you with a +0 giant club!!
Ouch! That really hurt!
* * * LOW HITPOINT WARNING * * *
The ogre hits you with a +0 giant club!!
Ouch! That really hurt!
You die...

#..........
.........#
...#.....#
...##.....
#. ##......
#.......
.##.#..l..
....=..O...
.....#@...!
..#..#O....
..##.......
........
#..#..#.


You could see 2 ogres and an iguana.

Vanquished Creatures
  An ice beast (D:3)
  A necrophage (D:4)
  2 wights (D:4)
  A jelly (D:4)
  A hound (D:5)
  An orc priest (D:3)
  An iguana (D:5)
  2 orc wizards (D:3)
  4 gnolls (D:2)
  9 adders
  2 worms
  5 dart slugs
  18 orcs
  8 bats
  6 endoplasms
  4 giant cockroaches
  6 goblins
  8 hobgoblins
  12 jackals
  3 quokkas (D:1)
  8 ball pythons
  3 frilled lizards
  7 kobolds
  10 rats
123 creatures vanquished.

Vanquished Creatures (collateral kills)
  2 wights (D:4)
2 creatures vanquished.

Grand Total: 125 creatures vanquished

Notes
Turn   | Place    | Note
-------+----------+-------------------------------------------
     0 | D:1      | holysushi the Kobold Monk began the quest for the Orb.
     0 | D:1      | Reached XP level 1. HP: 14/14 MP: 1/1
    58 | D:1      | Reached XP level 2. HP: 16/19 MP: 2/2
   323 | D:1      | Reached XP level 3. HP: 15/24 MP: 3/3
   514 | D:1      | Reached skill level 5 in Short Blades
   674 | D:1      | Found a faded altar of an unknown god.
  1060 | D:2      | Reached XP level 4. HP: 22/29 MP: 4/4
  1091 | D:2      | Reached skill level 6 in Short Blades
  1365 | D:2      | Identified the +4 mace "Killer Klown's Foe" {spect, Drain
                  | rCorr Int+6 Dex+3}
  1511 | D:2      | Reached XP level 5. HP: 23/33 MP: 5/5
  1916 | D:2      | Found an iron altar of Okawaru.
  2939 | D:3      | Reached skill level 7 in Short Blades
  3162 | D:3      | Noticed an ice beast
  3169 | D:3      | Reached XP level 6. HP: 39/39 MP: 6/6
  3179 | D:3      | Killed an ice beast
  3180 | D:3      | Reached skill level 5 in Fighting
  3476 | D:3      | Found a basalt altar of Yredelemnul.
  3546 | D:3      | Found a broken altar of Ashenzari.
  3564 | D:3      | Reached skill level 8 in Short Blades
  4048 | D:4      | Reached XP level 7. HP: 30/44 MP: 7/7
  4633 | D:4      | Reached skill level 5 in Dodging
  4813 | D:4      | Found Fulepy Fimn's Mayhem Merchandise.
  4818 | D:4      | Bought a wand of iceblast (11) for 150 gold pieces
  4862 | D:4      | Found a shimmering altar of Xom.
  4995 | D:4      | Reached XP level 8. HP: 51/51 MP: 8/8
  5185 | D:4      | Found a hide-covered altar of Uskayaw.
  5212 | D:5      | Entered Level 5 of the Dungeon
  5252 | D:5      | Reached skill level 1 in Evocations
  5290 | D:5      | Demolished by an ogre

Illustrated notes

Levels and vault maps discovered:
D:1:      dpeg_arrival_ratfight, layout_rooms,
          nicolae_ecumenical_snake_handling, minmay_misc_feat_x, st_stairs_5
D:2:      minmay_skewed_foursquare, layout_loops_ring, basic_altar
D:3:      layout_rooms, old_standard_altar, mainiacjoe_overflow_alcove_4,
          minmay_joined_circles
D:4:      layout_rooms, mainiacjoe_overflow_cross_hatched,
          nicolae_uskayaw_suspiria, minmay_shop_mayhem, kennysheep_pointless_box
D:5:      layout_rooms, led_sif_book, tso_metal_star, uniq_menkaure

Skill      XL: |  1  2  3  4  5  6  7  8 |
---------------+-------------------------+-----
Short Blades   | 5 6 7 8 |  8.6
Fighting       | 4 5 |  5.7
Dodging        | 4 5 |  5.4
Stealth        | 3 4 |  4.3
Evocations     | 1 |  1.1

Action                   |  1- 3 |  4- 6 |  7- 9 || total
-------------------------+-------+-------+-------++-------
Melee: Short sword       |    68 |   181 |    63 ||   312
       Punch             |     2 |     7 |       ||     9
  Use: Potion            |       |     5 |       ||     5
       Scroll            |       |     1 |     1 ||     2
 Stab: Sleeping          |    11 |    13 |    12 ||    36
       Distracted        |       |     6 |       ||     6
Armor: Robe              |    14 |    27 |    12 ||    53
       Skin              |       |     6 |       ||     6
Dodge: Dodged            |    48 |    98 |    39 ||   185

Table legend: (Time is in decaauts)
 A = Elapsed time spent in this place.
 B = Non-inter-level travel time spent in this place.
 C = Inter-level travel time spent in this place.
 D = Time resting spent in this place.
 E = Time spent auto-exploring this place.
 F = Levels seen in this place.
 G = Mean time per level.
                   A        B        C        D        E       F      G
               +--------+--------+--------+--------+--------+-----+--------+
         Total |   5216 |   5161 |     55 |   1840 |   2384 |   5 | 1043.2 |
       Dungeon |   5216 |   5161 |     55 |   1840 |   2384 |   5 | 1043.2 |
               +--------+--------+--------+--------+--------+-----+--------+

Top non-repeatable levels by time:
     D:2: 1698 daAuts
     D:3: 1477 daAuts
     D:4: 1059 daAuts
     D:1: 906 daAuts
     D:5: 76 daAuts
